 Dungeon Crawl Stone Soup version 0.29-a0-359-g541a27f54d (webtiles) character file.

Game seed: 8322522036577298510

8086 bande the Cleaver (level 11, -2/67 HPs)
             Began as a Gargoyle Fighter on Apr 27, 2022.
             Was a Follower of Okawaru.
             Slain by HuGe's ghost (14 damage)
             ... on level 9 of the Dungeon.
             The game lasted 00:13:29 (9731 turns).

bande the Cleaver (Gargoyle Fighter)                Turns: 9731, Time: 00:13:29

Health: -2/67      AC: 19    Str: 18    XL:     11   Next: 25%
Magic:  21/21      EV:  7    Int:  9    God:    Okawaru [*.....]
Gold:   529        SH:  7    Dex: 17    Spells: 10/10 levels left

rFire   . . .      SeeInvis .   n - +7 hand axe of Qomur {venom, rPois rC+ Str-2 Dex+4}
rCold   + . .      Faith    .   c - +1 buckler
rNeg    + . .      Spirit   .   w - +0 chain mail
rPois   ∞          Reflect  .   (no helmet)
rElec   +          Harm     .   (no cloak)
rCorr   .          Rampage  .   (no gloves)
Will    .....                   (no boots)
Stlth   ..........              i - amulet of regeneration
HPRegen 1.01/turn               k - ring of magical power
MPRegen 0.17/turn               (no ring)

@: no status effects
A: sickness immunity, AC +8, negative energy resistance 1, electricity
resistance, torment resistance 1, petrification resistance
a: Renounce Religion, Heroism


You were on level 9 of the Dungeon.
You worshipped Okawaru.
Okawaru was aware of your devotion.
You visited 2 branches of the dungeon, and saw 10 of its levels.

You collected 529 gold pieces.

Inventory:

Hand Weapons
 a - a +1 war axe
 e - a +1 vorpal hand axe
 j - a +2 vorpal mace
 n - the +7 hand axe of Qomur (weapon) {venom, rPois rC+ Str-2 Dex+4}
   (You found it on level 3 of the Dungeon)

   It poisons the flesh of those it strikes.
   Str:       It affects your strength (-2).
   Dex:       It affects your dexterity (+4).
   rC:        It protects you from cold.
   rPois:     It protects you from poison.
Missiles
 u - a throwing net (quivered)
Armour
 c - a +1 buckler (worn)
 w - a +0 chain mail (worn)
Jewellery
 i - an amulet of regeneration (around neck)
 k - a ring of magical power (left hand)
 m - an amulet of the acrobat
 r - a ring of fire
 C - a ring of fire
 H - a +6 ring of strength
Wands
 o - a wand of flame (40)
 s - a wand of polymorph (11)
 B - a wand of paralysis (13)
 D - a wand of acid (11)
Scrolls
 b - a scroll of fear
 f - 2 scrolls of teleportation
 q - 2 scrolls of magic mapping
 x - a scroll of holy word
 y - a scroll of enchant weapon
 z - 4 scrolls of blinking
 A - a scroll of identify
Potions
 d - 3 potions of might
 g - 2 potions of invisibility
 h - 2 potions of flight
 l - 2 potions of haste
 p - a potion of heal wounds
 t - 2 potions of curing
 v - a potion of berserk rage {unknown}
 G - a potion of mutation {unknown}


   Skills:
 + Level 7.5 Fighting
 + Level 10.0 Axes
 + Level 9.6 Armour
 + Level 6.8 Shields
 * Level 2.0 Invocations
 * Level 5.7 Evocations


You had 10 spell levels left.
You didn't know any spells.
Your spell library contained the following spells:

 Spells                   Type           Power      Damage    Failure   Level
 Corpse Rot               Necr/Air       0%         N/A       100%        2
 Poisonous Vapours        Pois/Air       0%         N/A       100%        2
 Dazzling Flash           Conj/Hex       0%         N/A       100%        3
 Frozen Ramparts          Ice            0%         1d2       100%        3
 Ozocubu's Armour         Ice            0%         N/A       100%        3
 Anguish                  Hex/Necr       0%         N/A       100%        4
 Ice Form                 Ice/Tmut       0%         N/A       100%        4
 Agony                    Necr           0%         N/A       100%        5
 Fireball                 Conj/Fire      0%         3d3       100%        5
 Iskenderun's Battlesphe  Conj           0%         2d6       100%        5
 Silence                  Hex/Air        0%         N/A       100%        5
 Conjure Ball Lightning   Conj/Air       0%         3x3d6     100%        6
 Enfeeble                 Hex            0%         N/A       100%        7
 Orb of Destruction       Conj           0%         9d5       100%        7
 Ozocubu's Refrigeration  Ice            0%         4d5       100%        7
 Tukima's Dance           Hex            Unusable   N/A       N/A         3
 Summon Ice Beast         Ice/Summ       Unusable   N/A       N/A         4

Dungeon Overview and Level Annotations

Branches:
Dungeon (9/15)             Temple (1/1) D:5
   Lair: D:8-11         Orc: D:9-12

Altars:
Ashenzari
Cheibriados
Dithmenos
Elyvilon
Fedhas
Gozag
Hepliaklqana
Makhleb
Nemelex Xobeh
Okawaru
Qazlal
Ru
Sif Muna
Trog
Uskayaw
Vehumet
Wu Jian
Xom
Zin
The Shining One

Shops:
D:1 =

Annotations:
D:9 HuGe's ghost, novice MiBe


Innate Abilities, Weirdness & Mutations

You are immune to sickness and miasma.
Your stone body is resilient. (AC +8)
You are immune to poison.
You resist negative energy. (rN+)
You are resistant to electric shocks. (rElec)
You are resistant to unholy torment.
You are immune to petrification.


Message History

No target in view!
You see here a scroll of vulnerability.
There is a stone staircase leading down here.
The wolf howls!
HuGe's ghost turns its malevolent gaze towards you.
You hear a howl!
You hear a shout!
The spriggan shouts!
You see here a +0 ring mail.
Could not explore, unopened runed door.
The wolf stops to sniff the ground.
HuGe's ghost wails, "What do you have that I didn't have?"
You open the door. HuGe's ghost attacks as you move away!
You block HuGe's ghost's attack. HuGe's ghost hits you!
You block the spriggan's attack.
The spriggan hits you from afar with the +4 spear of Hyliras {vorpal, rElec rPois Str-4 Dex+6}!
HuGe's ghost attacks as you move away!
HuGe's ghost hits you but does no damage.
HuGe's ghost keens inconsolably.
The spriggan barely misses you.
You hit HuGe's ghost.
HuGe's ghost is lightly damaged.
You block HuGe's ghost's attack.
The spriggan hits you from afar with the +4 spear of Hyliras {vorpal, rElec rPois Str-4 Dex+6}!
You hit HuGe's ghost but do no damage.
HuGe's ghost is lightly damaged.
HuGe's ghost barely misses you.
The spriggan hits you but does no damage.
You hit HuGe's ghost but do no damage.
HuGe's ghost is lightly damaged.
HuGe's ghost hits you!!
The spriggan hits you but does no damage.
You hit HuGe's ghost but do no damage.
HuGe's ghost is lightly damaged.
HuGe's ghost hits you.
The spriggan hits you from afar with the +4 spear of Hyliras {vorpal, rElec rPois Str-4 Dex+6}!
* * * LOW HITPOINT WARNING * * *
x2 You hit HuGe's ghost but do no damage.
HuGe's ghost is lightly damaged.
HuGe's ghost hits you!
You die...

###.# .♣...#...# #.#.# #.#
###♣...♣♣'...# #.#.# #.#
####♣.. ♣♣#.i## #.#.# #.#
#..# . ♣.#8.# #.#.# #.#
#.## ♣..♣##.#### #...# #.#
#.# ♣♣♣hh#i..i# #.### #.#
#.# ####♣♣♣####i# #.# #.#
#.# #..#### #W######.# #.#
#.# #...#.#
#@##.....#######.#
#.###.#.#.#
#.##.............#
#.........#
#.##..............
#####.#.###
#.##.......####### ###
#.#.# #.##......## ..#
#.#.# #.####.##.#
#.####...# #.# #.##.#
#......#.#######.# #>##.#
#####.###......#.####.##.#


You could see 2 spriggans and HuGe's ghost.

Vanquished Creatures
  A two-headed ogre (D:8)
  A manticore (D:8)
  A kobold demonologist (D:9)
  Maggie (D:8)
  The ghost of turdburglar the Covert, a novice KoBr of Vehumet (D:3)
  A hornet (D:7)
  Grinder (D:5)
  Prince Ribbit (D:5)
  3 wyverns
  11 yaks
  A steam dragon (D:8)
  Menkaure (D:5)
  Duvessa (D:5)
  A water moccasin (D:3)
  An orc warrior (D:6)
  2 sky beasts
  3 ice beasts
  A black bear (D:7)
  4 ogres (D:6)
  A centaur (D:8)
  A phantom (D:4)
  2 kobold brigands
  Blork the orc (D:5)
  A gnoll sergeant (D:5)
  2 bullfrogs
  2 necrophages
  3 scorpions
  Dowan (D:5)
  3 wights (D:7)
  2 jellies
  9 killer bees
  6 howler monkeys (D:9)
  5 hounds
  2 orc priests
  Jessica (D:3)
  Ijyb (D:5)
  An iguana (D:7)
  An orc wizard (D:7)
  A centaur simulacrum (D:4)
  2 scorpion simulacra (D:4)
  4 gnolls (D:5)
  6 adders
  A hound simulacrum (D:4)
  3 shadow imps
  A white imp (D:6)
  An ufetubus (D:5)
  A worm (D:5)
  16 orcs
  6 ball pythons
  11 endoplasms
  3 giant cockroaches
  14 goblins
  10 hobgoblins
  3 jackals (D:2)
  3 quokkas
  7 bats
  16 kobolds
  4 rats
195 creatures vanquished.

Vanquished Creatures (others)
  A fungus (D:9)
  8 plants (D:9)
9 creatures vanquished.

Grand Total: 204 creatures vanquished

Notes
Turn   | Place    | Note
-------+----------+-------------------------------------------
     0 | D:1      | bande the Gargoyle Fighter began the quest for the Orb.
     0 | D:1      | Reached XP level 1. HP: 14/14 MP: 1/1
   219 | D:1      | Found Teyhen's Jewellery Shoppe.
   494 | D:1      | Reached XP level 2. HP: 19/19 MP: 2/2
   497 | D:1      | Reached skill level 2 in Axes
   683 | D:1      | Found a faded altar of an unknown god.
  1141 | D:2      | Reached XP level 3. HP: 15/23 MP: 3/3
  2131 | D:2      | Reached XP level 4. HP: 24/29 MP: 4/4
  2528 | D:3      | Noticed a water moccasin
  2555 | D:3      | Killed a water moccasin
  2556 | D:3      | Reached skill level 3 in Axes
  2556 | D:3      | Reached XP level 5. HP: 32/33 MP: 5/5
  2783 | D:3      | Found a blossoming altar of Fedhas.
  2783 | D:3      | Found a snail-covered altar of Cheibriados.
  2796 | D:3      | Noticed Jessica
  2799 | D:3      | Killed Jessica
  2800 | D:3      | Reached XP level 6. HP: 38/38 MP: 6/6
  2925 | D:3      | Identified the +7 hand axe of Qomur {venom, rPois rC+ Str-2
                  | Dex+4}
  3150 | D:4      | Found a runed translucent gate.
  3150 | D:4      | Found a runed translucent gate.
  3151 | D:4      | Found a runed translucent gate.
  3182 | D:4      | Noticed turdburglar's ghost (novice KoBr)
  3182 | D:4      | Noticed an ice beast
  3277 | D:4      | Reached skill level 4 in Axes
  3425 | D:4      | Found a glowing silver altar of Zin.
  3429 | D:4      | Found a glowing golden altar of the Shining One.
  3429 | D:4      | Found a white marble altar of Elyvilon.
  3485 | D:4      | Reached skill level 5 in Armour
  3518 | D:4      | Found a broken altar of Ashenzari.
  3880 | D:3      | Killed turdburglar's ghost
  3881 | D:3      | Reached skill level 5 in Axes
  3881 | D:3      | Reached XP level 7. HP: 39/44 MP: 7/7
  4077 | D:5      | Entered Level 5 of the Dungeon
  4109 | D:5      | Reached XP level 8. HP: 45/48 MP: 8/8
  4113 | D:5      | Reached skill level 6 in Axes
  4154 | D:5      | Noticed Grinder
  4166 | D:5      | Killed Grinder
  4167 | D:5      | Reached skill level 1 in Evocations
  4326 | D:5      | Found a sacrificial altar of Ru.
  4400 | D:5      | Noticed Duvessa
  4400 | D:5      | Noticed Dowan
  4409 | D:5      | Killed Duvessa
  4410 | D:5      | Reached skill level 5 in Fighting
  4410 | D:5      | Reached skill level 5 in Shields
  4420 | D:5      | Killed Dowan
  4663 | D:5      | Noticed Menkaure
  4670 | D:5      | Killed Menkaure
  4749 | D:5      | Reached skill level 7 in Axes
  4749 | D:5      | Reached XP level 9. HP: 50/54 MP: 9/9
  5009 | D:5      | Found a staircase to the Ecumenical Temple.
  5015 | Temple   | Entered the Ecumenical Temple
  5206 | D:5      | Noticed Blork the orc
  5215 | D:5      | Killed Blork the orc
  5315 | D:5      | Identified the +3 ring mail of the Raven {Contam rF++ rN+
                  | Slay+4}
  5362 | D:5      | Noticed Ijyb
  5367 | D:5      | Killed Ijyb
  5386 | D:5      | Noticed Prince Ribbit
  5392 | D:5      | Killed Prince Ribbit
  5446 | D:6      | Found a shimmering blue altar of Sif Muna.
  5504 | D:6      | Reached skill level 8 in Axes
  5856 | D:6      | Found a hide-covered altar of Uskayaw.
  5971 | D:6      | Reached XP level 10. HP: 26/60 MP: 10/10
  6211 | D:6      | Found a radiant altar of Vehumet.
  6258 | D:6      | Found a sparkling altar of Nemelex Xobeh.
  7187 | D:7      | Reached skill level 9 in Axes
  7390 | D:8      | Noticed a two-headed ogre
  7401 | D:8      | Killed a two-headed ogre
  7615 | D:7      | Reached skill level 5 in Evocations
  7652 | D:7      | HP: 2/61 [yak (12)]
  8073 | D:8      | Noticed a manticore
  8094 | D:8      | Killed a manticore
  8389 | D:8      | Found an iron altar of Okawaru.
  8405 | D:8      | Became a worshipper of Warmaster Okawaru
  8459 | D:8      | Reached XP level 11. HP: 67/67 MP: 11/11
  8612 | D:8      | Noticed Maggie
  8622 | D:8      | Killed Maggie
  8623 | D:8      | Reached skill level 1 in Invocations
  8914 | D:9      | Noticed a sun demon
  8917 | D:9      | Reached * piety under Okawaru
  9213 | D:9      | Reached skill level 10 in Axes
  9347 | D:9      | Found a runed translucent door.
  9351 | D:9      | Noticed HuGe's ghost (novice MiBe)
  9353 | D:9      | Identified the +4 spear of Hyliras {vorpal, rElec rPois
                  | Str-4 Dex+6}
  9731 | D:9      | Slain by HuGe's ghost

Illustrated notes

Levels and vault maps discovered:
D:1:      minmay_arrival_pointy, layout_basic, serial_shops, shop,
          chequers_ecumenical_altar_simple_redux
D:2:      minmay_chambers_of_twos, layout_basic
D:3:      minmay_octagon_keep, layout_basic,
          mainiacjoe_overflow_large_starburst, uniq_jessica
D:4:      layout_rooms, dreamdust_divine_triumvirate,
          nicolae_ashenzari_panopticon, gammafunk_ghost_icy,
          grunt_decor_mini_mirrors
D:5:      layout_basic, lemuel_round_altar, minmay_temple_entry_nine_rooms,
          minmay_misc_feat_tower, uniq_ijyb, uniq_prince_ribbit1,
          uniq_blork_the_orc, uniq_duvessa, uniq_menkaure, uniq_grinder
D:6:      layout_loops_ring, nicolae_uskayaw_dance_hall,
          nemelex_dance_club_becter, mainiacjoe_overflow_alcove_4,
          kennysheep_small_circle
D:7:      layout_basic, small_statue_intersection
D:8:      layout_basic, okawaru_altar_gauntlet_db, uniq_maggie
D:9:      layout_loops_ring, ebering_ghost_funeral_grove
Temple:   nicolae_temple_figure_zero

Skill      XL: |  1  2  3  4  5  6  7  8  9 10 11 |
---------------+----------------------------------+-----
Axes           | 2 3 5 7 8 9 10 | 10.0
Armour         | 4 5 6 7 8 9 |  9.6
Shields        | 4 5 6 |  6.8
Fighting       | 4 5 6 7 |  7.5
Evocations     | 2 4 5 |  5.7
Invocations    | 2 |  2.0

Action                   |  1- 3 |  4- 6 |  7- 9 | 10-12 || total
-------------------------+-------+-------+-------+-------++-------
Melee: Hand axe          |    86 |   113 |   223 |   248 ||   670
  Use: Scroll            |     3 |     1 |     5 |     7 ||    16
       Potion            |       |       |       |     3 ||     3
Armor: Scale mail        |    30 |    67 |    57 |     2 ||   156
       Chain mail        |       |       |       |   102 ||   102
Dodge: Dodged            |    35 |    54 |    58 |    65 ||   212
Block: Buckler           |    17 |    32 |    39 |    90 ||   178

Table legend: (Time is in decaauts)
 A = Elapsed time spent in this place.
 B = Non-inter-level travel time spent in this place.
 C = Inter-level travel time spent in this place.
 D = Time resting spent in this place.
 E = Time spent auto-exploring this place.
 F = Levels seen in this place.
 G = Mean time per level.
                   A        B        C        D        E       F      G
               +--------+--------+--------+--------+--------+-----+--------+
         Total |   9719 |   9484 |    235 |   1657 |   6180 |  10 |  971.9 |
       Dungeon |   9596 |   9361 |    235 |   1657 |   6068 |   9 | 1066.2 |
        Temple |    123 |    123 |      0 |      0 |    112 |   1 |  123.0 |
               +--------+--------+--------+--------+--------+-----+--------+

Top non-repeatable levels by time:
     D:2: 1415 daAuts
     D:7: 1253 daAuts
     D:5: 1212 daAuts
     D:8: 1064 daAuts
     D:6: 1015 daAuts
     D:3: 958 daAuts
     D:9: 934 daAuts
     D:1: 916 daAuts
     D:4: 824 daAuts
  Temple: 123 daAuts
